 Dungeon Crawl Stone Soup version 0.31-a0-1291-g5386780bc2 (webtiles) character file.

Game seed: 3725499446832915466

16317 Bnni the Skirmisher (level 12, -17/65 HPs)
             Began as a Spriggan Hunter on Dec 18, 2023.
             Was a Follower of Fedhas.
             Killed from afar by Jorgrun (55 damage)
             ... with an iron shot
             ... on level 12 of the Dungeon.
             The game lasted 00:37:45 (12838 turns).

Bnni the Skirmisher (Spriggan Hunter)              Turns: 12838, Time: 00:37:45

Health: -17/65     AC: 10    Str:  7    XL:     12   Next: 9%
Magic:  15/15      EV: 29    Int: 21    God:    Fedhas [*.....]
Gold:   1500       SH:  0    Dex: 22    Spells: 10/11 levels left

rFire   . . .        f - +0 sling of Wyrd {speed, Int+2}
rCold   . . .        (no shield)
rNeg    . . .        K - +7 toga "Victory" {*Victory Int+7 Slay+7 Clar}
rPois   .            (helmet restricted)
rElec   .            A - +0 cloak
rCorr   .            (gloves unavailable)
SInv    +            (boots unavailable)
Will    ++...        (no amulet)
Stlth   ++           d - ring of flight
HPRegen 0.30/turn    (no ring)
MPRegen 0.14/turn

%: clarity
@: flying, very quick
A: very small, no large weapons, unfitting armour, see invisible, speed 3
a: Renounce Religion


You were on level 12 of the Dungeon.
You worshipped Fedhas.
Fedhas was aware of your devotion.
You visited 2 branches of the dungeon, and saw 13 of its levels.
You also visited: Ossuary and Bailey.

You collected 1894 gold pieces.
You spent 394 gold pieces at shops.

Inventory:

Hand Weapons
 f - the +0 sling of Wyrd (weapon) {speed, Int+2}
   (You bought it in a shop on level 7 of the Dungeon)

   Int+2:     It affects your intelligence (+2).
 r - a +2 dagger of venom
Missiles
 H - 7 curare-tipped darts
Armour
 A - a +0 cloak (worn)
 K - the +7 toga "Victory" (worn) {*Victory Int+7 Slay+7 Clar}
   (You found it on level 9 of the Dungeon)

   *Victory:  When the wearer kills a threatening monster, it has a chance to
   gain +1 AC, +1 Slay, and +1 Int, capping at +7.
   When the wearer uses a scroll or a potion with a hostile monster in sight,
   its bonuses reset to +0.
   Unequipping it also resets its bonuses to +0.
   Int+7:     It affects your intelligence (+7).
   Slay+7:    It affects your accuracy & damage with ranged weapons and melee
   (+7).
   Clar:      It protects you from confusion, rage, mesmerisation and fear.
Jewellery
 a - an amulet of the acrobat
 c - a ring of poison resistance
 d - a ring of flight (left hand)
Wands
 p - a wand of flame (38)
 y - a wand of mindburst (9)
 B - a wand of polymorph (5)
 E - a wand of quicksilver (6)
 I - a wand of roots (10)
Scrolls
 b - a scroll of butterflies
 e - 3 scrolls of poison
 g - a scroll of summoning
 h - 2 scrolls of enchant weapon
 i - 3 scrolls of blinking
 j - 6 scrolls of teleportation
 s - a scroll of revelation
 w - 3 scrolls of immolation
 z - 3 scrolls of silence
 G - a scroll of fear
Potions
 k - a potion of cancellation {unknown}
 l - 3 potions of enlightenment
 m - 2 potions of haste
 n - 5 potions of curing
 o - 6 potions of might
 q - 4 potions of attraction {unknown}
 t - 2 potions of degeneration {unknown}
 u - a potion of lignification {unknown}
 v - 2 potions of ambrosia {unknown}
 x - a potion of magic {unknown}
 C - 2 potions of heal wounds
 F - a potion of mutation {unknown}


   Skills:
 + Level 8.4 Fighting
 * Level 14.3 Ranged Weapons
 + Level 12.9 Dodging
 - Level 1.5 Stealth
 + Level 3.6 Invocations


You had 10 spell levels left.
You knew the following spells:

 Your Spells              Type           Power      Damage    Failure   Level
a - Apportation           Tloc           0%         N/A       19%         1

Your spell library contained the following spells:

 Spells                   Type           Power      Damage    Failure   Level
 Freeze                   Ice            0%         1d3       19%         1
 Kiss of Death            Conj/Necr      0%         2d5       19%         1
 Necrotise                Necr           0%         1d4       19%         1
 Jinxbite                 Hex            0%         N/A       26%         2
 Scorch                   Fire           0%         2d5       26%         2
 Confusing Touch          Hex            0%         N/A       47%         3
 Frozen Ramparts          Ice            0%         1d1       47%         3
 Hailstorm                Conj/Ice       0%         3d5       47%         3
 Vampiric Draining        Necr           0%         2d6       47%         3
 Dispel Undead            Necr           0%         3d6       87%         4
 Agony                    Necr           0%         N/A       99%         5
 Alistair's Intoxication  Tmut/Pois      0%         N/A       99%         5
 Borgnjor's Vile Clutch   Necr/Erth      0%         N/A       99%         5
 Fireball                 Conj/Fire      0%         3d3       99%         5
 Metabolic Englaciation   Hex/Ice        0%         N/A       99%         5
 Death Channel            Necr           0%         N/A       100%        6
 Lehudib's Crystal Spear  Conj/Erth      0%         10d2      100%        8


Dungeon Overview and Level Annotations

Branches:
Dungeon (12/15)            Temple (1/1) D:5            Lair (0/5) D:10
    Orc (0/2) D:10        Ossuary (visited)          Bailey (visited)

Altars:
Ashenzari
Cheibriados
Dithmenos
Elyvilon
Fedhas
Gozag
Hepliaklqana
Kikubaaqudgha
Makhleb
Nemelex Xobeh
Okawaru
Qazlal
Ru
Sif Muna
Trog
Uskayaw
Vehumet
Wu Jian
Xom
Yredelemnul
Zin
The Shining One

Shops:
D:7 *[!?*

Annotations:
D:12 Jorgrun


Innate Abilities, Weirdness & Mutations

You are very small and have problems with some larger weapons.
You are too small for most types of armour.
You have supernaturally acute eyesight. (SInv)
You cover ground extremely quickly. (Speed+++)


Message History

Jorgrun is lightly wounded.
You shoot a sling bullet. The sling bullet hits Jorgrun!
Jorgrun is moderately wounded.
Jorgrun points at you and mumbles some strange words.
You easily resist.
You shoot a sling bullet. The sling bullet hits Jorgrun.
Jorgrun is moderately wounded.
You shoot a sling bullet. The sling bullet hits Jorgrun.
Jorgrun is moderately wounded.
You shoot a sling bullet. The sling bullet hits Jorgrun!
Jorgrun is heavily wounded.
You shoot a sling bullet.
The sling bullet closely misses Jorgrun.
You shoot a sling bullet. The sling bullet barely misses Jorgrun.
You shoot a sling bullet.
The sling bullet closely misses Jorgrun.
Jorgrun points at you and mumbles some strange words.
Roots burst forth from the earth!
The grasping roots grab you! The grasping roots constrict you!
You shoot a sling bullet. The sling bullet barely misses Jorgrun.
You shoot a sling bullet. The sling bullet hits Jorgrun.
Jorgrun is heavily wounded.
The grasping roots constrict you!
The roots grasp on you weakens, but your attempt to escape fails.
The roots grasp on you weakens, but your attempt to escape fails.
Jorgrun is no longer moving slowly.
The grasping roots constrict you.
You escape the roots grasp.
Throw: 8 darts (curare)
Press: ? - help, Shift-Dir - straight line, f/p - Jorgrun
Aim: Jorgrun, wielding a staff of earth and wearing a +2 robe of cold resistance (heavily wounded, poisoned, 58% to hit)
You throw a curare-tipped dart. The curare-tipped dart hits Jorgrun.
Jorgrun looks even sicker.
Jorgrun convulses.
Jorgrun seems to slow down.
Jorgrun is heavily wounded.
Jorgrun gestures at you while chanting. The iron shot hits you!!!
Ouch! That really hurt!
You die...
Fedhas appreciates your contribution to the ecosystem.

#.#+##.... #..#
#......... #..#
#......... #..+
#.......(. #..#
#...g..... ## #..#
#.g###########...
#................
#................
#.....@.(........ ..#
#..............##+##.+
#.######.......#...#.#
#. #.......#...#.# #.
#.).....#...#.# #.
+.....).#...#.#
######..)..(.#...#.#
.......[.....###'#.##
.##......)...........


You could see Jorgrun (very poisoned, slow).

Vanquished Creatures
  A centaur warrior (D:10)
  5 death yaks
  2 two-headed ogres
  Maurice (D:11)
  A cyclops (D:12)
  2 trolls
  Grinder (D:4)
  A shadow (D:11)
  9 yaks
  A wraith (D:11)
  A vampire (D:10)
  5 wyverns
  A fire bat (D:5)
  2 basilisks (D:11)
  2 steam dragons
  4 vampire mosquitoes (D:11)
  Menkaure (D:4)
  A water moccasin (D:5)
  An acid dragon (D:12)
  Edmund (D:6)
  Duvessa (D:5)
  8 orc warriors
  A black bear (D:5)
  An ice beast (D:7)
  A sky beast (D:7)
  3 centaurs
  A phantom (D:4)
  An elf zombie (Ossuary)
  6 bullfrogs
  5 kobold brigands (Bailey)
  4 scorpions
  Dowan (D:5)
  13 killer bees
  An electric eel (D:9)
  11 howler monkeys
  A centaur zombie (Ossuary)
  3 hounds
  A gnoll bouda (D:6)
  9 orc priests
  2 sleepcaps
  2 human zombies (Ossuary)
  A scorpion zombie (D:5)
  Ijyb (D:2)
  8 iguanas
  10 orc wizards
  A hound zombie (D:5)
  2 mummies (Ossuary)
  Robin (D:3)
  4 adders (D:5)
  6 gnolls
  4 ufetubi (D:6)
  3 adder zombies (Ossuary)
  An adder skeleton (D:5)
  2 worms
  2 dart slugs
  32 orcs
  11 endoplasms
  3 giant cockroaches
  15 goblins
  13 hobgoblins
  3 jackals (D:3)
  3 quokkas (D:5)
  6 ball pythons
  7 bats
  3 frilled lizards
  3 goblin zombies (Ossuary)
  6 hobgoblin zombies (Ossuary)
  19 kobolds
  12 kobold zombies (Ossuary)
  8 orc zombies (Ossuary)
  7 rats
  A rat zombie (Ossuary)
317 creatures vanquished.

Vanquished Creatures (collateral kills)
  2 centaur warriors (D:10)
  2 orc warriors (Bailey)
  A kobold (Bailey)
5 creatures vanquished.

Vanquished Creatures (others)
  An orc warrior (D:9)
1 creature vanquished.

Grand Total: 323 creatures vanquished

Notes
Turn   | Place    | Note
-------+----------+-------------------------------------------
     0 | D:1      | Bnni the Spriggan Hunter began the quest for the Orb.
     0 | D:1      | Reached XP level 1. HP: 10/10 MP: 2/2
   282 | D:1      | Reached XP level 2. HP: 15/15 MP: 3/3
   879 | D:2      | Reached XP level 3. HP: 18/18 MP: 4/4
  1672 | D:3      | Reached XP level 4. HP: 23/23 MP: 5/5
  1694 | D:3      | Reached skill level 5 in Ranged Weapons
  1853 | D:3      | Noticed Ijyb
  1854 | D:3      | Noticed Robin
  1966 | D:2      | Killed Ijyb
  1967 | D:2      | Reached XP level 5. HP: 3/27 MP: 6/6
  2081 | D:3      | Killed Robin
  2744 | D:4      | Reached XP level 6. HP: 32/32 MP: 7/7
  2780 | D:4      | Reached skill level 6 in Ranged Weapons
  2799 | D:4      | Noticed Menkaure
  2811 | D:4      | Killed Menkaure
  2812 | D:4      | Reached skill level 5 in Dodging
  2927 | D:4      | Found a basalt altar of Yredelemnul.
  3229 | D:4      | Reached XP level 7. HP: 21/36 MP: 8/8
  3488 | D:5      | Entered Level 5 of the Dungeon
  3711 | D:5      | Found a sand-covered staircase.
  3724 | Ossuary  | Entered an ossuary
  3771 | Ossuary  | Reached skill level 7 in Ranged Weapons
  4336 | D:5      | Reached XP level 8. HP: 42/42 MP: 9/9
  4362 | D:5      | Reached skill level 8 in Ranged Weapons
  4394 | D:5      | Found a white marble altar of Elyvilon.
  4535 | D:5      | Noticed Dowan
  4558 | D:5      | Noticed Duvessa
  4642 | D:5      | Noticed Grinder
  4703 | D:5      | Paralysed by Grinder for 2 turns
  4731 | D:4      | Killed Grinder
  4965 | D:5      | Killed Duvessa
  4966 | D:5      | Reached skill level 9 in Ranged Weapons
  4984 | D:5      | Killed Dowan
  4997 | D:5      | Found a shimmering altar of Xom.
  5260 | D:5      | Reached skill level 5 in Fighting
  5282 | D:5      | Reached XP level 9. HP: 47/47 MP: 10/10
  5419 | D:5      | Found a staircase to the Ecumenical Temple.
  5425 | Temple   | Entered the Ecumenical Temple
  6119 | D:6      | Noticed Edmund
  6169 | D:6      | Killed Edmund
  6253 | D:6      | Found an ornate altar of the Wu Jian Council.
  6324 | D:6      | Identified the +3 leather armour of Eternal Vigilance
                  | {Dex+3}
  6536 | D:6      | Reached skill level 10 in Ranged Weapons
  6598 | D:7      | Found Goxoumme's General Store.
  6660 | D:7      | Found a burning altar of Makhleb.
  6660 | D:7      | Noticed an Executioner
  6681 | D:7      | Found Hoten's Distillery.
  6783 | D:7      | Got the Quarto of Twisted Anthracomancy
  6972 | D:7      | Found Bietwo's Magic Scroll Boutique.
  6977 | D:7      | Bought a scroll of blinking for 105 gold pieces
  6977 | D:7      | Bought a scroll of identify for 28 gold pieces
  6977 | D:7      | Bought a scroll of identify for 28 gold pieces
  6977 | D:7      | Bought 3 scrolls of identify for 84 gold pieces
  7010 | D:7      | Found Nelogrysch's Armour Shoppe.
  7224 | D:7      | Identified a scroll of acquirement
  7351 | D:7      | Found a broken altar of Ashenzari.
  7426 | D:7      | Found Cogau's Assorted Antiques.
  7454 | D:7      | Bought a sedimented sapphire potion for 16 gold pieces
  7454 | D:7      | Bought a green potion for 16 gold pieces
  7454 | D:7      | Acquired 503 gold pieces
  7456 | D:7      | Bought an ancient sling for 117 gold pieces
  7456 | D:7      | Identified the +0 sling of Wyrd {speed, Int+2} (You bought
                  | it in a shop on level 7 of the Dungeon)
  7736 | D:8      | Found a radiant altar of Vehumet.
  7757 | D:8      | Found a flagged portal.
  7826 | Bailey   | Entered a bailey
  8046 | Bailey   | Got Sif Muna's Handbook of Felsic Cold
  8125 | Bailey   | Reached skill level 11 in Ranged Weapons
  8126 | Bailey   | Reached XP level 10. HP: 28/53 MP: 11/11
  8261 | Bailey   | Found a bloodstained altar of Trog.
  8409 | D:8      | Found an ancient bone altar of Kikubaaqudgha.
  8663 | D:8      | Reached skill level 10 in Dodging
  8686 | D:8      | Found an opulent altar of Gozag.
  9420 | D:9      | Noticed a two-headed ogre
  9459 | D:9      | Killed a two-headed ogre
  9473 | D:9      | Reached skill level 12 in Ranged Weapons
 10062 | D:9      | Found the +0 toga "Victory" {*Victory Clar}
 10192 | D:10     | Entered Level 10 of the Dungeon
 10211 | D:10     | Noticed a death yak
 10218 | D:10     | Noticed a death yak
 10255 | D:10     | Killed a death yak
 10312 | D:9      | Killed a death yak
 10313 | D:9      | Reached XP level 11. HP: 58/58 MP: 12/12
 10362 | D:10     | Noticed a death yak
 10363 | D:10     | Noticed a death yak
 10466 | D:9      | Killed a death yak
 10481 | D:10     | Noticed a death yak
 10577 | D:9      | Killed a death yak
 10578 | D:9      | Reached skill level 13 in Ranged Weapons
 10586 | D:9      | Learned a level 1 spell: Apportation
 10636 | D:10     | Found a large runed translucent door.
 10637 | D:10     | Found a large runed translucent door.
 10701 | D:10     | Found a staircase to the Lair.
 10758 | D:10     | Killed a death yak
 10797 | D:10     | Noticed a centaur warrior
 10804 | D:10     | Noticed a centaur warrior
 10960 | D:10     | Found a blossoming altar of Fedhas.
 10989 | D:10     | Became a worshipper of Fedhas Madash
 11157 | D:10     | Found a staircase to the Orcish Mines.
 11531 | D:10     | Noticed a centaur warrior
 11545 | D:10     | Found an iron altar of Okawaru.
 11556 | D:10     | Killed a centaur warrior
 11557 | D:10     | Reached skill level 1 in Invocations
 11564 | D:10     | Killed a centaur warrior
 11654 | D:10     | Killed a centaur warrior
 11658 | D:10     | Found an iron altar of Okawaru.
 11813 | D:11     | Reached * piety under Fedhas
 12054 | D:11     | Noticed Maurice
 12065 | D:11     | Reached skill level 14 in Ranged Weapons
 12090 | D:11     | Maurice stole 268 gold
 12093 | D:11     | Killed Maurice
 12301 | D:11     | Noticed a two-headed ogre
 12309 | D:11     | Killed a two-headed ogre
 12310 | D:11     | Reached XP level 12. HP: 43/65 MP: 15/15
 12647 | D:11     | Found a sacrificial altar of Ru.
 12819 | D:12     | Noticed Jorgrun
 12838 | D:12     | Killed from afar by Jorgrun

Illustrated notes

Levels and vault maps discovered:
D:1:      wander_arrival_estate, layout_basic
D:2:      layout_basic, kennysheep_generic_room_3
D:3:      layout_loops_corners, nicolae_goblin_pals
D:4:      layout_loops_ring, mainiacjoe_overflow_alcove_2, uniq_menkaure
D:5:      layout_cave_pools, regret_index_xom_of_box, overflow_temple_1_default,
          minmay_temple_entry_fiery, mainiacjoe_ossuary_entry_find_the_door,
          uniq_grinder, uniq_duvessa
D:6:      layout_basic, nzn_wu_jian_contemplation, minmay_crossroads,
          uniq_edmund
D:7:      layout_basic, ashenzari_altar_1, makhleb_altar_promises_db,
          serial_shops, shop_statue, shop, shop, kennysheep_mini,
          nicolae_shop_window_shopping, eino_tiny_chamber, minmay_diced_spiral
D:8:      layout_basic, nicolae_gozag_cash_rules_everything_around_me,
          general_overflow_altar, mainiacjoe_overflow_catwalk, enter_bailey_2
D:9:      layout_basic, serial_bayou, serial_bayou_pond_b, serial_bayou_ford_a,
          serial_bayou_shore_b, serial_bayou_shore_b
D:10:     okawaru_arena_lexackson, layout_long_grid, fedhas_ov_isle_minmay,
          dpeg_lair_monsters, minmay_liquid_box
D:11:     layout_irregular_city, nicolae_ru_the_path_less_chosen, uniq_maurice
D:12:     layout_irregular_city, serial_shops, nicolae_shop_rolled_up,
          minmay_the_grid_2x2 [minmay_the_grid_fan, minmay_the_grid_mess,
          minmay_the_grid_embedded, minmay_the_grid_prize_inner_circle],
          uniq_jorgrun
Temple:   hc_temple_tempest_star

Skill      XL: |  1  2  3  4  5  6  7  8  9 10 11 |
---------------+----------------------------------+-----
Dodging        | 3 4 5 6 8 9 11 12 | 12.9
Fighting       | 2 3 4 5 6 7 8 |  8.4
Ranged Weapons | 5 6 7 9 11 12 14 | 14.3
Invocations    | 3 |  3.6
Stealth        | |  1.5

Action                     |  1- 3 |  4- 6 |  7- 9 | 10-12 || total
---------------------------+-------+-------+-------+-------++-------
  Melee: Dagger            |       |       |    30 |       ||    30
   Fire: Shortbow          |   158 |   143 |   470 |       ||   771
         Sling             |       |       |   117 |   826 ||   943
         Orcbow            |       |       |    89 |       ||    89
  Throw: Dart              |       |       |     2 |     8 ||    10
         Throwing net      |       |       |     1 |       ||     1
  Evoke: Wand              |       |       |       |     4 ||     4
    Use: Scroll            |       |       |    15 |     4 ||    19
 Armour: Robe              |     9 |    20 |   106 |    31 ||   166
         Steam dragon scal |       |       |       |    20 ||    20
  Dodge: Dodged            |    55 |    43 |   394 |   187 ||   679

Table legend: (Time is in decaauts)
 A = Elapsed time spent in this place.
 B = Non-inter-level travel time spent in this place.
 C = Inter-level travel time spent in this place.
 D = Time resting spent in this place.
 E = Time spent auto-exploring this place.
 F = Levels seen in this place.
 G = Mean time per level.
                   A        B        C        D        E       F      G
               +--------+--------+--------+--------+--------+-----+--------+
         Total |   9145 |   8943 |    202 |   1092 |   5314 |  15 |  609.7 |
       Dungeon |   8398 |   8196 |    202 |    912 |   5145 |  12 |  699.8 |
        Temple |      1 |      1 |      0 |      0 |      0 |   1 |    1.0 |
       Ossuary |    389 |    389 |      0 |     71 |    107 |   1 |  389.0 |
        Bailey |    355 |    355 |      0 |    109 |     62 |   1 |  355.0 |
               +--------+--------+--------+--------+--------+-----+--------+

Top non-repeatable levels by time:
     D:9: 1097 daAuts
     D:5: 1088 daAuts
     D:4: 887 daAuts
    D:10: 814 daAuts
     D:6: 710 daAuts
     D:7: 694 daAuts
     D:2: 656 daAuts
     D:3: 641 daAuts
    D:11: 612 daAuts
     D:1: 575 daAuts
     D:8: 532 daAuts
 Ossuary: 389 daAuts
  Bailey: 355 daAuts
    D:12: 87 daAuts
  Temple: 1 daAuts
